AoeStats
← Sandlin83

Arena

509070941Analyzed
1v1 RM · 6d ago on Sep 25, 2026· 33m 32s· 2 players
Game mode
Random Map
Map size
Tiny (2 player)
Population
200
Speed
Normal
Resources
Standard
Victory
Conquest
Starting age
Dark Age
Ending age
Imperial Age
RankedLock teamsTeams togetherTeam positionsShared explorationLock speedFull tech treeHidden civsTurbo modeCheats
Victory
Defeat
🇹🇼 Poles · Taiwan
960
+18
🇺🇸 Britons · United States
1000
-55
HoNgGAn
9:33 Loom
11:18 Feudal Age
16:09 Castle Age
14:01 Double-Bit Axe
14:09 Horse Collar
17:09 Bow Saw
17:50 Heavy Plow
21:27 Wheelbarrow
29:14 Imperial Age
27:05 Hand Cart
27:03 Stone Mining
27:04 Gold Mining
26:48 Elite Skirmisher
28:45 Stone Shaft Mining
28:35 Szlachta Privileges
30:20 Conscription
32:04 Crop Rotation
31:39 Husbandry
31:50 Bloodlines
32:04 Heavy Mounted Crossbowman
32:50 Thumb Ring
32:06 Crossbowman
Sandlin83
12:33 Feudal Age
11:04 Loom
13:31 Horse Collar
13:40 Double-Bit Axe
14:52 Wheelbarrow
18:42 Man-at-Arms
21:42 Castle Age
22:48 Crossbowman
22:53 Pikeman
23:57 Scale Mail Armor
24:58 Squires
25:17 Forging
25:06 Long Swordsman
26:53 Bow Saw
28:14 Fletching
30:17 Hand Cart
Connection lost

Rejoining the realm…

Still unreachable

The connection could not be restored.

Session expired

The server has moved on; the page needs a fresh start.